 Dungeon Crawl Stone Soup version 0.31-a0-154-g56bf346678 (webtiles) character file.

Game seed: 7950269106977442191

5533 ytrimaz the Thaumaturge (level 10, 0/63 HPs)
             Began as a Mummy Necromancer on June 11, 2023.
             Was a Follower of Kikubaaqudgha.
             Slain by a wight
             ... wielding a +4 falchion
              (7 damage)
             ... on level 8 of the Dungeon.
             The game lasted 00:18:39 (12279 turns).

ytrimaz the Thaumaturge (Mummy Necromancer)        Turns: 12279, Time: 00:18:40

Health: 0/63       AC: 13    Str: 12    XL:     10   Next: 43%
Magic:  23/24      EV: 19    Int: 18    God:    Kikubaaqudgha [*.....]
Gold:   372        SH:  0    Dex: 13    Spells: 15/30 levels left

rFire   x . .        m - +2 short sword (protect)
rCold   + . .        (no shield)
rNeg    + + +        o - +0 steam dragon scales
rPois   ∞            (no helmet)
rElec   .            k - +0 cloak
rCorr   .            (no gloves)
SInv    .            (no boots)
Will    ++...        b - amulet of the acrobat
Stlth   ++           g - ring of willpower
HPRegen 0.30/turn    p - +5 ring of evasion
MPRegen 0.19/turn

%: acrobat, faith
@: under a protective aura, animating dead
A: cold resistance 1, negative energy resistance 3, torment resistance 2, heat
vulnerability 1, in touch with death 1, no potions, faith
a: Renounce Religion, Unearth Wretches


You were on level 8 of the Dungeon.
You worshipped Kikubaaqudgha.
Kikubaaqudgha was aware of your devotion.
You visited 2 branches of the dungeon, and saw 9 of its levels.
You also visited: Sewer.

You collected 372 gold pieces.


Innate Abilities, Weirdness & Mutations

You are immune to poison.
Your flesh is cold resistant. (rC+)
You are immune to negative energy. (rN+++)
You are immune to unholy pain and torment.
You are vulnerable to heat. (rF-)
You are in touch with the powers of death.
You do not drink.
You have a special connection with the divine. (Faith)


   Skills:
 + Level 3.8 Staves
 * Level 6.4 Dodging
 - Level 1.5 Stealth
 - Level 10.5 Spellcasting
 + Level 10.5 Necromancy


You had 15 spell levels left.
You knew the following spells:

 Your Spells              Type           Power      Damage    Failure   Level
a - Necrotise             Necr           100%       1d9       1%          1
b - Vampiric Draining     Necr           63%        2d10      1%          3
c - Animate Dead          Necr           63%        N/A       1%          4
d - Agony                 Necr           63%        N/A       2%          5
e - Cigotuvi's Dreadful   Necr/Pois/Air  66%        N/A       2%          2

Your spell library contained the following spells:

 Spells                   Type           Power      Damage    Failure   Level
 Shock                    Conj/Air       36%        1d5       8%          1
 Swiftness                Air            9%         N/A       22%         3
 Vhi's Electric Charge    Tloc/Air       18%        N/A       22%         3
 Airstrike                Air            4%         2d(1-17)  58%         4
 Arcjolt                  Conj/Air       4%         1d14      91%         5
 Maxwell's Capacitive Co  Air            4%         ∞         100%        8

Inventory:

Hand Weapons
 h - the +1 short sword of Greed {elec, Str+3}
   (You found it on level 5 of the Dungeon)

   Str:       It affects your strength (+3).
 m - a +2 short sword of protection (weapon)
   (You took it off a kobold on level 6 of the Dungeon)
Armour
 k - a +0 cloak (worn)
   (You found it on level 5 of the Dungeon)
 n - the +0 kite shield of Levity {rC- Str+7 Int+3}
   (You found it on level 6 of the Dungeon)

   Str:       It affects your strength (+7).
   Int:       It affects your intelligence (+3).
   rC:        It makes you vulnerable to cold.
 o - +0 steam dragon scales (worn)
   (You found it on level 7 of the Dungeon)
Magical Staves
 c - a staff of death
   (You found it on level 8 of the Dungeon)
Jewellery
 b - an amulet of the acrobat (around neck)
   (You found it on level 3 of the Dungeon)
 g - a ring of willpower (left hand)
   (You found it on level 4 of the Dungeon)
 j - a +6 ring of strength
   (You found it on level 5 of the Dungeon)
 p - a +5 ring of evasion (right hand)
   (You found it on level 7 of the Dungeon)
Wands
 d - a wand of charming (4)
   (You took it off Erica on level 8 of the Dungeon)
 l - a wand of flame (8)
   (You took it off a kobold on level 6 of the Dungeon)
Scrolls
 a - a scroll of silence
 e - 2 scrolls of amnesia
 f - a scroll of magic mapping
 i - a scroll of fog
 q - 3 scrolls of identify

Dungeon Overview and Level Annotations

Branches:
Dungeon (8/15) Zot: 24351  Temple (1/1) D:6 Zot: 5878    Lair (0/5) D:8
  Sewer (visited)

Altars:
Ashenzari
Cheibriados
Dithmenos
Fedhas
Gozag
Hepliaklqana
Kikubaaqudgha
Makhleb
Nemelex Xobeh
Okawaru
Qazlal
Ru
Sif Muna
Trog
Uskayaw
Vehumet
Wu Jian
Xom
Yredelemnul

Shops:
D:4 :

Annotations:
D:3 exclusion: door

# #.#.. #o#.#.......##.
#...##.##...#.......### ####
#.#....z#.##..))....#
##..######..###..##....)....#
##.####..###..#..##.....)....#
#.###..##.####z###...#......##
#.##.#####.#.##.##.###......##
####.#.#..##.##)##.#..##.......#
.'##.##.## ##..#@#.#...........#
.#.##..#.# ##.##z##...........#
##.#####.# ##.##.#...........#
###.##..## ########...........#
..##..### ##..................#
...#### ##..#...#............#
....#######..##...##..##.......#
............###...##..##.......#
....############..#....'.......#


You could see a wight.


Message History

The water moccasin hisses angrily.
The water moccasin writhes in agony! 😎 MP[-1]
You lost 1 mp, and now have 23/24 mp.
You feel a strong surge of power!
The water moccasin writhes in agony. 😎 MP[-1]
You lost 1 mp, and now have 22/24 mp.
You feel a strong surge of power!
The water moccasin writhes in agony!
The water moccasin bites you but does no damage. 😎 MP[-1]
You lost 1 mp, and now have 21/24 mp.
Casting: Necrotise (safe; 1% risk of failure)
Confirm with . or Enter, or press ? or * to list all spells.
Aiming: Vampiric Draining (safe; 1% risk of failure)
Press: ? - help, Shift-Dir - straight line, f/p - water moccasin
Aim: a water moccasin (severely wounded)
You feel a strong surge of power!
You draw life force from the water moccasin!
You kill the water moccasin!
Kikubaaqudgha accepts your kill. 😎 MP[-3]
You lost 3 mp, and now have 18/24 mp.
A wight and a manticore come into view.
The manticore moves out of view. 😎 MP[+6]
Your mp is fully restored (24).
A wight is nearby!
A wight is nearby!
The wight throws a stone.
The stone completely misses you.
Unknown command.
An orc comes into view. It is wielding a +0 war axe.
The orc shouts!
There is an open door here.
Casting: Vampiric Draining (safe; 1% risk of failure)
Confirm with . or Enter, or press ? or * to list all spells.
Okay, then.
The wight completely misses you.
Casting: Vampiric Draining (safe; 1% risk of failure)
Confirm with . or Enter, or press ? or * to list all spells.
You feel a strong surge of power!
You call upon the dead to rise.
The wight hits you with a +4 falchion. 😕 HP[-4] MP[-4]
You take 4 damage, and now have 59/63 hp.
You lost 4 mp, and now have 20/24 mp.
Unknown command.
You barely miss the wight.
The wight hits you with a +4 falchion! 😕 HP[-10]
You take 10 damage, and now have 49/63 hp.
You closely miss the wight.
The wight hits you with a +4 falchion. 😮 HP[-5]
You take 5 damage, and now have 44/63 hp.
You closely miss the wight.
The wight hits you with a +4 falchion. 😮 HP[-5]
You take 5 damage, and now have 39/63 hp.
Your +2 short sword of protection hums with potential!
m - a +2 short sword of protection (weapon)
The wight hits you with a +4 falchion!
* * * LOW HITPOINT WARNING * * *
😨 HP[-8]
You take 8 damage, and now have 31/63 hp.
You hit the wight.
Your weapon exudes an aura of protection.
Your punch misses the wight. The wight hits you with a +4 falchion.
* * * LOW HITPOINT WARNING * * *
😨 HP[-3] MP[+1]
You take 3 damage, and now have 28/63 hp.
You hit the wight. The wight hits you with a +4 falchion!
* * * LOW HITPOINT WARNING * * *
😨 HP[-9]
You take 9 damage, and now have 19/63 hp.
You hit the wight. The wight misses you.
You barely miss the wight. The wight hits you but does no damage.
You barely miss the wight. The wight closely misses you. 😨 HP[+1]
You hit the wight but do no damage.
The wight completely misses you. 😨 MP[+1] Unknown command.
You barely miss the wight. The wight barely misses you.
You barely miss the wight. The wight misses you. 😨 HP[+1]
You hit the wight. The wight barely misses you.
You closely miss the wight. The wight hits you with a +4 falchion.
* * * LOW HITPOINT WARNING * * *
😨 HP[-4]
You take 4 damage, and now have 17/63 hp.
You hit the wight. The wight hits you with a +4 falchion.
* * * LOW HITPOINT WARNING * * *
😱 HP[-3]
You take 3 damage, and now have 14/63 hp.
You hit the wight but do no damage.
The wight closely misses you. 😱 HP[+1] MP[+1]
You hit the wight but do no damage. The wight hits you with a +4 falchion!
* * * LOW HITPOINT WARNING * * *
😱 HP[-9]
You take 9 damage, and now have 6/63 hp.
You barely miss the wight. The wight barely misses you.
Unknown command.
You hit the wight. The wight hits you with a +4 falchion!
You die...
Kikubaaqudgha rasps: "You have failed me!
Welcome... oblivion!"

Skill      XL: |  1  2  3  4  5  6  7  8  9 10 |
---------------+-------------------------------+-----
Spellcasting   | 3 4 5 6 7 9 10 | 10.5
Necromancy     | 5 6 9 10 | 10.5
Dodging        | 5 6 |  6.4
Staves         | 3 |  3.8
Stealth        | |  1.5

Action                     |  1- 3 |  4- 6 |  7- 9 | 10-12 || total
---------------------------+-------+-------+-------+-------++-------
  Melee: Unarmed           |     3 |    10 |    27 |       ||    40
         Punch             |       |     1 |     3 |       ||     4
         Short sword       |       |       |    45 |    24 ||    69
         Staff             |       |       |    50 |    13 ||    63
   Cast: Necrotise         |    78 |   111 |    86 |     5 ||   280
         Vampiric Draining |       |    26 |   105 |    11 ||   142
         Animate Dead      |       |       |     3 |     2 ||     5
         Agony             |       |       |     5 |     2 ||     7
 Invoke: Unearth Wretches  |       |       |       |     1 ||     1
  Evoke: Wand              |       |       |    14 |     7 ||    21
    Use: Scroll            |       |     7 |     5 |       ||    12
 Armour: Robe              |     5 |     8 |    12 |       ||    25
         Steam dragon scal |       |       |    26 |    13 ||    39
  Dodge: Dodged            |     8 |    47 |   239 |    59 ||   353

Levels and vault maps discovered:
D:1:      nzn_arrival_depleted_hourglass, layout_basic,
          hangedman_abyss_or_decor_lesser_grid, kennysheep_boxes
D:2:      layout_basic, basic_altar, hangedman_decor_push
D:3:      layout_basic, yredelemnul_forgotten_temple_becter,
          nicolae_overflow_squiral, gup_sewer_entry_bubbles,
          nicolae_ecumenical_snake_handling, serial_park_tiny_2
D:4:      minmay_chambers_of_threes, layout_basic, small_statue_intersection,
          nicolae_shop_self_help
D:5:      layout_basic, mainiacjoe_overflow_chevrons, kennysheep_small_spiral,
          abandoned_shop, lemuel_flamethrower_1
D:6:      layout_loops_ring, mainiacjoe_overflow_tiny_flanked,
          minmay_overflow_temple_star_hex, temple_green
D:7:      layout_gridville, ashenzari_conservatory_becter, st_stairs_13
D:8:      minmay_the_grid_octo_tiled_squarecenter [minmay_the_grid_octo_focus,
          minmay_the_grid_octo_tetromino_candy, minmay_the_grid_octo_toaster,
          minmay_the_grid_octo_fan_narrow,
          minmay_the_grid_square_5x5_megaprize_checkered,
          minmay_the_grid_square_5x5_inverted_slash,
          minmay_the_grid_square_5x5_doubleslash,
          minmay_the_grid_square_5x5_n_small,
          minmay_the_grid_square_5x5_broken_cross], layout_gridville,
          general_overflow_altar, uniq_amaemon, uniq_pikel, uniq_erica
Temple:   compressed_dpeg_circular_temple

Notes
Turn   | Place    | Note
-------+----------+-------------------------------------------
     0 | D:1      | ytrimaz the Mummy Necromancer began the quest for the Orb.
     0 | D:1      | Reached XP level 1. HP: 13/13 MP: 4/4
     0 | D:1      | magus.rc [v1.9.6]
   206 | D:1      | Reached skill level 3 in Spellcasting
   346 | D:1      | You add the spells Vhi's Electric Charge, Arcjolt and
                  | Maxwell's Capacitive Coupling to your library.
   381 | D:1      | Reached XP level 2. HP: 19/19 MP: 1/6
  1210 | D:2      | Gained mutation: You are in touch with the powers of death.
                  | [Mummy growth]
  1210 | D:2      | Reached XP level 3. HP: 24/24 MP: 4/8
  1214 | D:2      | Learned a level 3 spell: Vampiric Draining
  1254 | D:2      | Reached skill level 4 in Spellcasting
  2061 | D:2      | Reached XP level 4. HP: 30/30 MP: 6/10
  2176 | D:3      | Reached skill level 5 in Spellcasting
  2270 | D:3      | Found a hide-covered altar of Uskayaw.
  2271 | D:3      | Found a blossoming altar of Fedhas.
  2341 | D:3      | Reached XP level 5. HP: 35/35 MP: 7/12
  2351 | D:3      | Learned a level 4 spell: Animate Dead
  2397 | D:3      | Found a basalt altar of Yredelemnul.
  2634 | D:3      | HP: 4/35 [river rat (9)]
  2637 | D:3      | Reached skill level 5 in Necromancy
  2712 | D:3      | Found a glowing drain.
  2728 | Sewer    | Entered a sewer
  3006 | Sewer    | Noticed Pargi
  3011 | Sewer    | Killed Pargi
  3012 | Sewer    | Reached skill level 6 in Spellcasting
  3012 | Sewer    | Reached XP level 6. HP: 35/41 MP: 0/15
  3173 | D:3      | Learned a level 5 spell: Agony
  3435 | D:3      | Found a faded altar of an unknown god.
  4314 | D:4      | Found Yghan's Self-Improvement Boutique.
  4324 | D:4      | Reached skill level 7 in Spellcasting
  5197 | D:4      | Reached skill level 6 in Necromancy
  5197 | D:4      | Reached XP level 7. HP: 46/46 MP: 5/18
  5387 | D:4      | Reached skill level 8 in Spellcasting
  5532 | D:5      | Entered Level 5 of the Dungeon
  5867 | D:5      | Identified the +1 short sword of Greed {elec, Str+3}
  6301 | D:5      | Found a shimmering blue altar of Sif Muna.
  6419 | D:5      | Reached skill level 9 in Spellcasting
  7241 | D:6      | Reached XP level 8. HP: 52/52 MP: 13/21
  7317 | D:6      | Reached skill level 10 in Spellcasting
  7317 | D:6      | Reached skill level 7 in Necromancy
  7591 | D:6      | Found a shadowy altar of Dithmenos.
  7671 | D:6      | Found a staircase to the Ecumenical Temple.
  7678 | Temple   | Entered the Ecumenical Temple
  7778 | Temple   | Became a worshipper of Kikubaaqudgha
  7807 | D:6      | You pick up a book of Air and begin reading...
  7807 | D:6      | You add the spells Shock, Swiftness and Airstrike to your
                  | library.
  8187 | D:6      | Found an ornate altar of the Wu Jian Council.
  8188 | D:6      | Found a snail-covered altar of Cheibriados.
  8204 | D:6      | Found a burning altar of Makhleb.
  8206 | D:6      | Found a shimmering altar of Xom.
  8260 | D:6      | Identified the +0 kite shield of Levity {rC- Str+7 Int+3}
  8631 | D:7      | Reached skill level 8 in Necromancy
  8904 | D:7      | Reached skill level 9 in Necromancy
  9031 | D:7      | Reached XP level 9. HP: 57/57 MP: 16/23
  9182 | D:7      | Found a broken altar of Ashenzari.
  9507 | D:7      | Reached skill level 2 in Dodging
  9786 | D:8      | Found a stormy altar of Qazlal.
  9840 | D:8      | Noticed Erica
 10311 | D:8      | Found a staircase to the Lair.
 10454 | D:8      | Reached skill level 3 in Dodging
 10464 | D:8      | Reached skill level 1 in Staves
 11049 | D:7      | Reached skill level 4 in Dodging
 11124 | D:7      | Reached skill level 2 in Staves
 11287 | D:8      | Reached * piety under Kikubaaqudgha
 11287 | D:8      | Received a gift from Kikubaaqudgha
 11291 | D:8      | Learned a level 2 spell: Cigotuvi's Dreadful Rot
 11435 | D:8      | Reached skill level 5 in Dodging
 11435 | D:8      | Reached skill level 10 in Necromancy
 11472 | D:8      | Noticed Amaemon
 11472 | D:8      | Noticed an orange demon
 11486 | D:8      | Killed Amaemon
 11487 | D:8      | Reached skill level 3 in Staves
 11487 | D:8      | Reached XP level 10. HP: 63/63 MP: 3/24
 11522 | D:8      | Killed an orange demon
 11648 | D:8      | Killed Erica
 11649 | D:8      | Reached skill level 6 in Dodging
 11725 | D:8      | HP: 15/63 [fire dragon zombie[the player character] (4)]
 12245 | D:8      | Noticed a manticore
 12275 | D:8      | HP: 14/63 [wight/+4 falchion (3)]
 12277 | D:8      | HP: 6/63 [wight/+4 falchion (9)]
 12279 | D:8      | Slain by a wight

Vanquished Creatures
  Erica (D:8)
  Amaemon (D:8)
  A fire dragon zombie (D:8)
  A wyvern (D:8)
  5 yaks
  2 steam dragons (D:7)
  4 water moccasins
  An orc warrior (D:8)
  Pargi (Sewer)
  An ice beast (D:5)
  2 black bears (D:7)
  2 ogres
  2 centaurs
  A kobold brigand (D:6)
  A bullfrog (D:8)
  2 scorpions
  A wight (D:8)
  7 howler monkeys
  A jelly (D:8)
  3 orc priests
  3 hounds
  2 sleepcaps
  4 iguanas
  3 orc wizards
  14 adders
  A river rat (D:3)
  A shadow imp (D:5)
  2 white imps
  An ufetubus (D:6)
  6 worms
  2 dart slugs
  25 orcs
  13 endoplasms
  3 giant cockroaches
  11 goblins
  9 hobgoblins
  14 jackals
  6 kobolds
  8 quokkas
  9 ball pythons
  4 bats
  2 frilled lizards
  2 rats (D:1)
185 creatures vanquished.

Vanquished Creatures (collateral kills)
  An orange demon (D:8)
  A yak (D:7)
  An ice beast (D:6)
  An orc warrior (D:8)
  A hound (D:4)
  2 orc priests
  An orc zombie (D:8)
  5 orcs
  An endoplasm (D:3)
  A ball python (D:3)
  A kobold (D:6)
16 creatures vanquished.

Vanquished Creatures (others)
  A fire dragon (D:8)
  A boulder beetle (D:8)
  A polar bear (shapeshifter) (D:8)
  A boulder beetle zombie (D:8)
  A polar bear zombie (D:8)
  A bat zombie (D:8)
  A bat (D:8)
  3 orc zombies (D:8)
10 creatures vanquished.

Grand Total: 211 creatures vanquished

Table legend:
 A = Non-vault XP
 B = Vault XP
 C = Vault XP percentage of total XP
 D = Non-vault monster count
 E = Vault monster count
 F = Vault count percentage of total count
                 A         B        C        D         E       F
            +---------+---------+-------+---------+---------+-------
      Total |    4880 |    3025 |  38.3 |     162 |      37 |  18.6
            +---------+---------+-------+---------+---------+-------
        D:1 |      36 |       0 |   0.0 |      20 |       0 |   0.0
        D:2 |      72 |       0 |   0.0 |      22 |       0 |   0.0
        D:3 |     192 |      31 |  13.9 |      26 |       9 |  25.7
        D:4 |     375 |      38 |   9.2 |      24 |      11 |  31.4
        D:5 |     526 |       0 |   0.0 |      20 |       0 |   0.0
        D:6 |     616 |       0 |   0.0 |      16 |       0 |   0.0
        D:7 |    1579 |      46 |   2.8 |      13 |       1 |   7.1
        D:8 |    1484 |    2759 |  65.0 |      21 |      12 |  36.4
      Sewer |       0 |     151 | 100.0 |       0 |       4 | 100.0
            +---------+---------+-------+---------+---------+-------

Skill      XL: |  1  2  3  4  5  6  7  8  9 10 |
---------------+-------------------------------+-----
Spellcasting   | 3 4 5 6 7 9 10 | 10.5
Necromancy     | 5 6 9 10 | 10.5
Dodging        | 5 6 |  6.4
Staves         | 3 |  3.8
Stealth        | |  1.5

Action                     |  1- 3 |  4- 6 |  7- 9 | 10-12 || total
---------------------------+-------+-------+-------+-------++-------
  Melee: Unarmed           |     3 |    10 |    27 |       ||    40
         Punch             |       |     1 |     3 |       ||     4
         Short sword       |       |       |    45 |    24 ||    69
         Staff             |       |       |    50 |    13 ||    63
   Cast: Necrotise         |    78 |   111 |    86 |     5 ||   280
         Vampiric Draining |       |    26 |   105 |    11 ||   142
         Animate Dead      |       |       |     3 |     2 ||     5
         Agony             |       |       |     5 |     2 ||     7
 Invoke: Unearth Wretches  |       |       |       |     1 ||     1
  Evoke: Wand              |       |       |    14 |     7 ||    21
    Use: Scroll            |       |     7 |     5 |       ||    12
 Armour: Robe              |     5 |     8 |    12 |       ||    25
         Steam dragon scal |       |       |    26 |    13 ||    39
  Dodge: Dodged            |     8 |    47 |   239 |    59 ||   353

Illustrated notes

Table legend:
 A = Kills in this place as a percentage of kills in the entire game.
 B = Kills by you in this place as a percentage of kills by you in the entire game.
 C = Kills by friends in this place as a percentage of kills by friends in the entire game.
 D = Other kills in this place as a percentage of other kills in the entire game.
 E = Experience gained in this place as a percentage of experience gained in the entire game.
 F = Experience gained in this place divided by the number of levels of this place that you have seen.
                   A       B       C       D       E      F
               +-------+-------+-------+-------+-------+----------------------
         Total | 100.0 | 100.0 | 100.0 |   N/A | 100.0 | 790.5
       Dungeon |  98.0 |  97.8 | 100.0 |   N/A |  98.1 | 969.2
         Sewer |   2.0 |   2.2 |   0.0 |   N/A |   1.9 | 151.0
               +-------+-------+-------+-------+-------+----------------------

Table legend: (Time is in decaauts)
 A = Elapsed time spent in this place.
 B = Non-inter-level travel time spent in this place.
 C = Inter-level travel time spent in this place.
 D = Time resting spent in this place.
 E = Time spent auto-exploring this place.
 F = Levels seen in this place.
 G = Mean time per level.
                   A        B        C        D        E       F      G
               +--------+--------+--------+--------+--------+-----+--------+
         Total |  12319 |  11863 |    456 |    796 |   8886 |  10 | 1231.9 |
       Dungeon |  11763 |  11339 |    424 |    656 |   8560 |   8 | 1470.4 |
        Temple |    121 |     89 |     32 |      0 |     79 |   1 |  121.0 |
         Sewer |    433 |    433 |      0 |    140 |    247 |   1 |  433.0 |
               +--------+--------+--------+--------+--------+-----+--------+

Top non-repeatable levels by time:
     D:8: 2365 daAuts
     D:3: 1828 daAuts
     D:7: 1518 daAuts
     D:4: 1472 daAuts
     D:5: 1399 daAuts
     D:1: 1192 daAuts
     D:6: 1062 daAuts
     D:2: 925 daAuts
   Sewer: 433 daAuts
  Temple: 121 daAuts
